[ AOE2 MATCH · #473910767 ]
UnrankedMongols vs Tatars
[ REPLAY ANALYSIS · EXTRACTED FROM THE RECORDED GAME ]
Feudal
—
Castle
—
Imperial
—
| APM avg | 40.4 |
| APM peak | 80 |
| eAPM avg | 25.2 |
| Villagers / military | 148 / 200 |
Focus
⚔️ 37.9% · 🌾 62.1%
Mangudai ×115 · Scout Cavalry ×78 · Monk ×4 · Trebuchet (Packed) ×2 · Petard ×1
Feudal
—
Castle
—
Imperial
—
| APM avg | 20.4 |
| APM peak | 39 |
| eAPM avg | 14.0 |
| Villagers / military | 156 / 241 |
Focus
⚔️ 30.6% · 🌾 69.4%
Cavalry Archer ×89 · Genitour ×78 · Scout Cavalry ×56 · Trebuchet (Packed) ×16 · Keshik ×1 · Battering Ram ×1
Feudal
—
Castle
—
Imperial
—
| APM avg | 30.0 |
| APM peak | 72 |
| eAPM avg | 20.7 |
| Villagers / military | 147 / 160 |
Focus
⚔️ 35.2% · 🌾 64.8%
Spearman ×109 · Scout Cavalry ×32 · Knight ×6 · Leitis ×4 · Battering Ram ×4 · Trebuchet (Packed) ×4
Feudal
—
Castle
—
Imperial
—
| APM avg | 31.8 |
| APM peak | 55 |
| eAPM avg | 19.6 |
| Villagers / military | 110 / 14 |
Focus
⚔️ 16.5% · 🌾 83.5%
Mangonel ×6 · Battering Ram ×5 · Monk ×3
Feudal
—
Castle
—
Imperial
—
| APM avg | 40.5 |
| APM peak | 97 |
| eAPM avg | 23.2 |
| Villagers / military | 149 / 97 |
Focus
⚔️ 33.3% · 🌾 66.7%
Militia ×66 · Composite Bowman ×10 · Warrior Priest ×7 · Battering Ram ×6 · Mangonel ×4 · Petard ×3
Feudal
—
Castle
—
Imperial
—
| APM avg | 24.1 |
| APM peak | 53 |
| eAPM avg | 18.6 |
| Villagers / military | 142 / 120 |
Focus
⚔️ 27.3% · 🌾 72.7%
Camel Scout ×64 · Scout Cavalry ×31 · Hand Cannoneer ×13 · Bombard Cannon ×10 · Ghulam ×2
Match map
Initial resources + every placement click. Lines = walls · curves = elevation contours. ◆ gold · ⬟ stone · ● berries · ✦ relic · ◌ wall gap
Your base· ✓ Closed at 11:20 · 0t walls · 3 gate(s)
Im2Good4YoMoma's base· ✓ Closed at 12:25 · 0t walls · 3 gate(s)
AOKI_WALLY's base· ✓ Closed at 18:06 · 0t walls · 3 gate(s)
JoPo21's base· ✓ Closed at 17:54 · 0t walls · 4 gate(s)
AOKI_Yo's base· ✓ Closed at 19:01 · 8t walls · 2 gate(s)
GOAT Gobz's base· ✓ Closed at 16:39 · 0t walls · 2 gate(s)
Smoothed initial terrain · ◌ = detected wall gap · hover for details
Inputs per minute
— AOKI_Thanouille - - Im2Good4YoMoma
Build order — AOKI_Thanouille
First 150 of 542 actions detected
| 0:00 | Create | Villager (Male) |
| 0:00 | Create | Villager (Male) |
| 0:01 | Create | Villager (Male) |
| 0:01 | Create | Villager (Male) |
| 0:03 | Build | House |
| 0:05 | Build | House |
| 1:23 | Create | Villager (Male) |
| 1:44 | Build | Lumber Camp |
| 1:52 | Create | Villager (Male) |
| 2:10 | Create | Villager (Male) |
| 2:37 | Create | Villager (Male) |
| 2:57 | Create | Villager (Male) |
| 3:05 | Build | House |
| 3:06 | Build | House |
| 3:11 | Create | Villager (Male) |
| 3:42 | Create | Villager (Male) |
| 3:45 | Create | Villager (Male) |
| 4:12 | Build | Mill |
| 4:29 | Create | Villager (Male) |
| 4:45 | Create | Villager (Male) |
| 5:03 | Build | Mill |
| 5:26 | Create | Villager (Male) |
| 5:26 | Create | Villager (Male) |
| 5:39 | Create | Villager (Male) |
| 5:43 | Create | Villager (Male) |
| 5:58 | Create | Villager (Male) |
| 6:05 | Build | Farm |
| 6:07 | Build | Farm |
| 6:29 | Create | Villager (Male) |
| 6:47 | Build | Farm |
| 7:34 | Build | Mining Camp |
| 8:03 | Research | Feudal Age |
| 8:57 | Create | Villager (Male) |
| 8:58 | Create | Villager (Male) |
| 10:32 | Build | Market |
| 10:38 | Build | Blacksmith |
| 10:46 | Build | House |
| 10:59 | Research | Double-Bit Axe |
| 11:20 | Research | Castle Age |
| 11:30 | Research | Horse Collar |
| 11:44 | Build | Farm |
| 11:53 | Create | Villager (Male) |
| 12:12 | Build | Farm |
| 13:19 | Build | Lumber Camp |
| 14:03 | Build | Town Center |
| 14:08 | Research | Bow Saw |
| 14:09 | Create | Villager (Male) |
| 14:16 | Build | Monastery |
| 14:44 | Build | Farm |
| 14:47 | Create | Villager (Male) |
| 14:48 | Create | Villager (Male) |
| 14:50 | Create | Villager (Male) |
| 14:52 | Build | Farm |
| 14:54 | Create | Monk |
| 14:54 | Create | Villager (Male) |
| 14:59 | Create | Villager (Male) |
| 15:08 | Build | Farm |
| 15:18 | Build | Farm |
| 15:19 | Create | Villager (Male) |
| 15:23 | Build | House |
| 15:25 | Build | Farm |
| 15:29 | Create | Villager (Male) |
| 15:30 | Create | Monk |
| 15:36 | Build | Farm |
| 15:45 | Create | Villager (Male) |
| 15:48 | Build | House |
| 15:51 | Build | Farm |
| 15:58 | Build | Farm |
| 16:04 | Create | Villager (Male) |
| 16:11 | Build | Farm |
| 16:14 | Create | Villager (Male) |
| 16:17 | Build | House |
| 16:23 | Build | Farm |
| 16:30 | Create | Villager (Male) |
| 16:41 | Build | Farm |
| 16:41 | Build | Farm |
| 16:44 | Create | Villager (Male) |
| 16:47 | Build | House |
| 16:52 | Create | Villager (Male) |
| 17:05 | Create | Villager (Male) |
| 17:18 | Build | Farm |
| 17:18 | Create | Villager (Male) |
| 17:21 | Create | Monk |
| 17:23 | Create | Villager (Male) |
| 17:30 | Build | Town Center |
| 17:36 | Research | Heavy Plow |
| 17:51 | Build | Farm |
| 17:51 | Create | Villager (Male) |
| 17:55 | Build | Farm |
| 17:56 | Create | Villager (Male) |
| 17:59 | Build | House |
| 18:04 | Create | Villager (Male) |
| 18:08 | Build | Farm |
| 18:22 | Build | Lumber Camp |
| 18:24 | Create | Villager (Male) |
| 18:24 | Create | Villager (Male) |
| 18:29 | Build | Farm |
| 18:35 | Create | Villager (Male) |
| 18:39 | Build | House |
| 18:43 | Create | Villager (Male) |
| 18:47 | Build | Farm |
| 18:53 | Build | Farm |
| 18:53 | Create | Villager (Male) |
| 18:54 | Create | Villager (Male) |
| 19:02 | Build | Farm |
| 19:03 | Create | Villager (Male) |
| 19:06 | Create | Monk |
| 19:09 | Build | House |
| 19:10 | Build | House |
| 19:11 | Create | Villager (Male) |
| 19:18 | Create | Villager (Male) |
| 19:21 | Build | Farm |
| 19:25 | Build | Farm |
| 19:35 | Build | Farm |
| 19:37 | Create | Villager (Male) |
| 19:45 | Build | Farm |
| 19:52 | Research | Wheelbarrow |
| 19:56 | Create | Villager (Male) |
| 20:05 | Create | Villager (Male) |
| 20:07 | Build | House |
| 20:08 | Build | House |
| 20:09 | Create | Villager (Male) |
| 20:21 | Create | Villager (Male) |
| 20:23 | Create | Villager (Male) |
| 20:33 | Build | Farm |
| 20:36 | Build | Farm |
| 20:39 | Build | Farm |
| 20:40 | Build | Farm |
| 20:42 | Create | Villager (Male) |
| 20:42 | Create | Villager (Male) |
| 20:46 | Research | Stone Mining |
| 20:50 | Create | Villager (Male) |
| 20:56 | Create | Villager (Male) |
| 21:03 | Build | House |
| 21:05 | Research | Gold Mining |
| 21:09 | Create | Villager (Male) |
| 21:14 | Create | Villager (Male) |
| 21:24 | Create | Villager (Male) |
| 21:25 | Create | Villager (Male) |
| 21:33 | Create | Villager (Male) |
| 21:37 | Build | House |
| 21:37 | Create | Villager (Male) |
| 21:41 | Build | Lumber Camp |
| 21:48 | Build | Farm |
| 22:00 | Create | Villager (Male) |
| 22:11 | Research | Hand Cart |
| 22:13 | Build | House |
| 22:14 | Build | House |
| 22:15 | Create | Villager (Male) |
| 22:15 | Create | Villager (Male) |
Build order — Im2Good4YoMoma
First 150 of 381 actions detected
| 0:01 | Create | Villager (Male) |
| 0:02 | Create | Villager (Male) |
| 0:02 | Create | Villager (Male) |
| 0:02 | Create | Villager (Male) |
| 0:04 | Build | House |
| 0:06 | Build | House |
| 1:34 | Create | Villager (Male) |
| 1:57 | Build | Lumber Camp |
| 2:01 | Create | Villager (Male) |
| 2:17 | Create | Villager (Male) |
| 2:42 | Create | Villager (Male) |
| 3:01 | Build | House |
| 3:03 | Build | House |
| 3:08 | Build | House |
| 3:18 | Create | Villager (Male) |
| 3:39 | Create | Villager (Male) |
| 4:14 | Create | Villager (Male) |
| 4:38 | Create | Villager (Male) |
| 4:58 | Create | Villager (Male) |
| 5:25 | Create | Villager (Male) |
| 5:32 | Build | Mill |
| 5:52 | Create | Villager (Male) |
| 5:52 | Create | Villager (Male) |
| 6:07 | Create | Villager (Male) |
| 6:41 | Create | Villager (Male) |
| 6:41 | Create | Villager (Male) |
| 6:55 | Create | Villager (Male) |
| 8:05 | Build | Mining Camp |
| 8:34 | Research | Feudal Age |
| 9:22 | Create | Villager (Male) |
| 9:23 | Create | Villager (Male) |
| 9:34 | Build | Farm |
| 9:35 | Build | Farm |
| 9:40 | Build | Farm |
| 9:41 | Build | Farm |
| 10:29 | Build | House |
| 10:48 | Build | Market |
| 10:53 | Build | Blacksmith |
| 11:32 | Create | Villager (Male) |
| 11:59 | Create | Villager (Male) |
| 12:25 | Research | Castle Age |
| 12:58 | Research | Double-Bit Axe |
| 13:18 | Research | Horse Collar |
| 13:42 | Create | Villager (Male) |
| 13:43 | Create | Villager (Male) |
| 15:07 | Build | Town Center |
| 15:12 | Build | Town Center |
| 15:16 | Research | Bow Saw |
| 15:24 | Build | Farm |
| 15:25 | Build | Farm |
| 15:52 | Create | Villager (Male) |
| 16:00 | Build | House |
| 16:04 | Build | House |
| 16:10 | Research | Wheelbarrow |
| 16:27 | Research | Loom |
| 16:28 | Create | Villager (Male) |
| 16:29 | Create | Villager (Male) |
| 16:45 | Create | Villager (Male) |
| 16:46 | Create | Villager (Male) |
| 16:55 | Build | Farm |
| 17:23 | Build | Town Center |
| 17:24 | Build | Farm |
| 17:25 | Build | Farm |
| 17:25 | Build | Farm |
| 17:25 | Build | Farm |
| 17:31 | Create | Villager (Male) |
| 17:31 | Create | Villager (Male) |
| 17:31 | Create | Villager (Male) |
| 17:49 | Create | Villager (Male) |
| 17:50 | Create | Villager (Male) |
| 17:50 | Create | Villager (Male) |
| 18:04 | Create | Villager (Male) |
| 18:08 | Build | Farm |
| 18:08 | Build | Farm |
| 18:11 | Create | Villager (Male) |
| 18:11 | Create | Villager (Male) |
| 18:28 | Build | Farm |
| 18:28 | Build | Farm |
| 18:37 | Create | Villager (Male) |
| 18:40 | Create | Villager (Male) |
| 18:41 | Create | Villager (Male) |
| 18:48 | Build | House |
| 18:49 | Build | House |
| 18:50 | Build | House |
| 19:03 | Create | Villager (Male) |
| 19:08 | Create | Villager (Male) |
| 19:08 | Create | Villager (Male) |
| 19:12 | Build | Farm |
| 19:14 | Create | Villager (Male) |
| 19:28 | Create | Villager (Male) |
| 19:28 | Create | Villager (Male) |
| 19:28 | Create | Villager (Male) |
| 19:28 | Create | Villager (Male) |
| 19:35 | Create | Villager (Male) |
| 19:36 | Create | Villager (Male) |
| 19:44 | Build | Farm |
| 19:45 | Build | Farm |
| 19:45 | Build | Farm |
| 19:45 | Build | Farm |
| 19:46 | Build | Farm |
| 19:46 | Build | Farm |
| 19:51 | Create | Villager (Male) ×2 |
| 19:51 | Create | Villager (Male) ×2 |
| 19:58 | Build | Farm |
| 19:58 | Build | Farm |
| 19:59 | Build | Farm |
| 20:04 | Build | Farm |
| 20:04 | Build | Farm |
| 20:08 | Create | Villager (Male) |
| 20:20 | Create | Villager (Male) ×3 |
| 20:20 | Create | Villager (Male) ×3 |
| 20:27 | Build | House |
| 20:28 | Build | House |
| 20:29 | Build | House |
| 20:30 | Build | House |
| 20:31 | Build | House |
| 20:33 | Build | House |
| 20:33 | Build | House |
| 20:37 | Create | Villager (Male) |
| 20:37 | Create | Villager (Male) |
| 20:37 | Create | Villager (Male) |
| 20:40 | Create | Villager (Male) |
| 20:40 | Create | Villager (Male) |
| 20:48 | Build | Farm |
| 20:48 | Build | Farm |
| 20:51 | Create | Villager (Male) |
| 20:51 | Create | Villager (Male) |
| 21:04 | Create | Villager (Male) |
| 21:04 | Create | Villager (Male) |
| 21:18 | Build | Farm |
| 21:18 | Build | Farm |
| 21:28 | Create | Villager (Male) |
| 21:29 | Create | Villager (Male) |
| 21:29 | Create | Villager (Male) |
| 21:38 | Create | Villager (Male) |
| 21:38 | Create | Villager (Male) |
| 21:39 | Create | Villager (Male) |
| 21:39 | Create | Villager (Male) |
| 21:39 | Create | Villager (Male) |
| 21:39 | Create | Villager (Male) |
| 21:45 | Build | University |
| 21:54 | Create | Villager (Male) |
| 21:54 | Create | Villager (Male) |
| 21:54 | Create | Villager (Male) |
| 21:54 | Create | Villager (Male) |
| 22:09 | Build | Siege Workshop |
| 22:13 | Build | Barracks |
| 22:21 | Build | Barracks |
| 22:24 | Create | Villager (Male) |
| 22:24 | Create | Villager (Male) |
Build order — AOKI_WALLY
First 150 of 480 actions detected
| 0:01 | Create | Villager (Male) |
| 0:02 | Build | House |
| 0:04 | Build | House |
| 0:11 | Create | Villager (Male) |
| 0:12 | Create | Villager (Male) |
| 0:12 | Create | Villager (Male) |
| 0:13 | Create | Villager (Male) |
| 1:12 | Create | Villager (Male) |
| 1:24 | Create | Villager (Male) |
| 1:48 | Build | Lumber Camp |
| 2:29 | Create | Villager (Male) |
| 2:37 | Create | Villager (Male) |
| 3:10 | Create | Villager (Male) |
| 3:16 | Build | House |
| 3:26 | Create | Villager (Male) |
| 3:42 | Create | Villager (Male) |
| 4:28 | Build | Mill |
| 5:00 | Create | Villager (Male) |
| 5:18 | Create | Villager (Male) |
| 5:22 | Research | Loom |
| 6:08 | Research | Feudal Age |
| 6:36 | Build | House |
| 7:03 | Build | Mining Camp |
| 7:40 | Create | Villager (Male) |
| 7:41 | Create | Villager (Male) |
| 8:28 | Build | Watch Tower |
| 8:34 | Research | Double-Bit Axe |
| 9:17 | Create | Villager (Male) |
| 9:20 | Create | Villager (Male) |
| 10:11 | Build | House |
| 10:16 | Create | Villager (Male) |
| 10:36 | Build | Watch Tower |
| 10:43 | Create | Villager (Male) |
| 11:07 | Create | Villager (Male) |
| 11:34 | Create | Villager (Male) |
| 11:35 | Create | Villager (Male) |
| 11:39 | Build | Mill |
| 11:54 | Create | Villager (Male) |
| 12:31 | Create | Villager (Male) |
| 12:36 | Build | Blacksmith |
| 12:40 | Build | House |
| 13:16 | Create | Villager (Male) |
| 13:16 | Create | Villager (Male) |
| 13:22 | Build | Market |
| 13:55 | Create | Villager (Male) |
| 13:59 | Build | Farm |
| 14:00 | Build | Farm |
| 14:13 | Build | Farm |
| 14:15 | Build | Farm |
| 14:17 | Build | Farm |
| 14:31 | Build | House |
| 14:33 | Create | Villager (Male) |
| 14:39 | Build | Mining Camp |
| 14:57 | Create | Villager (Male) |
| 15:02 | Build | Farm |
| 15:26 | Build | Barracks |
| 15:27 | Create | Villager (Male) |
| 15:28 | Create | Villager (Male) |
| 15:49 | Build | House |
| 15:55 | Build | Farm |
| 16:11 | Create | Villager (Male) |
| 16:19 | Build | House |
| 16:23 | Build | Farm |
| 16:41 | Create | Villager (Male) |
| 16:46 | Build | Farm |
| 17:00 | Build | Farm |
| 17:10 | Create | Villager (Male) |
| 17:23 | Create | Villager (Male) |
| 17:26 | Build | Farm |
| 18:06 | Research | Castle Age |
| 18:09 | Build | Lumber Camp |
| 18:41 | Build | Lumber Camp |
| 20:19 | Research | Horse Collar |
| 20:37 | Create | Villager (Male) |
| 20:44 | Research | Wheelbarrow |
| 20:51 | Build | Monastery |
| 20:59 | Build | Town Center |
| 21:04 | Build | Castle |
| 21:11 | Build | Town Center |
| 21:46 | Create | Villager (Male) |
| 22:10 | Create | Villager (Male) |
| 22:10 | Create | Villager (Male) |
| 22:11 | Create | Villager (Male) |
| 22:11 | Create | Villager (Male) |
| 22:18 | Create | Villager (Male) |
| 22:18 | Create | Villager (Male) |
| 22:19 | Create | Villager (Male) |
| 22:29 | Create | Villager (Male) |
| 22:29 | Create | Villager (Male) |
| 22:29 | Create | Villager (Male) |
| 22:33 | Build | House |
| 22:35 | Build | House |
| 22:36 | Build | House |
| 22:42 | Create | Villager (Male) |
| 22:42 | Create | Villager (Male) |
| 22:42 | Create | Villager (Male) |
| 22:46 | Build | Farm |
| 22:47 | Build | Farm |
| 22:48 | Build | Farm |
| 22:50 | Build | Farm |
| 22:52 | Build | Farm |
| 23:02 | Build | Farm |
| 23:12 | Create | Monk |
| 23:15 | Create | Villager (Male) |
| 23:15 | Create | Villager (Male) |
| 23:18 | Build | Farm |
| 23:20 | Build | Farm |
| 23:29 | Build | Farm |
| 23:33 | Build | Farm |
| 23:38 | Create | Villager (Male) |
| 23:38 | Create | Villager (Male) |
| 23:44 | Build | Farm |
| 23:45 | Build | Farm |
| 23:48 | Research | Bow Saw |
| 23:55 | Create | Villager (Male) |
| 23:55 | Create | Villager (Male) |
| 23:55 | Create | Villager (Male) |
| 24:20 | Build | House |
| 24:21 | Build | House |
| 24:28 | Build | Farm |
| 24:31 | Build | Farm |
| 24:32 | Build | Farm |
| 24:35 | Build | Farm |
| 24:37 | Create | Villager (Male) |
| 24:37 | Create | Villager (Male) |
| 24:40 | Build | Farm |
| 24:42 | Build | Farm |
| 24:44 | Build | Farm |
| 24:53 | Create | Villager (Male) |
| 24:53 | Create | Villager (Male) |
| 24:53 | Create | Villager (Male) |
| 24:59 | Build | Farm |
| 25:00 | Create | Villager (Male) |
| 25:01 | Create | Villager (Male) |
| 25:04 | Build | Farm |
| 25:18 | Create | Villager (Male) |
| 25:19 | Create | Villager (Male) |
| 25:21 | Build | House |
| 25:22 | Build | House |
| 25:38 | Build | Farm |
| 25:39 | Build | Farm |
| 25:47 | Create | Villager (Male) |
| 25:47 | Create | Villager (Male) |
| 25:47 | Create | Villager (Male) |
| 25:57 | Build | Farm |
| 25:58 | Build | Farm |
| 26:03 | Build | Farm |
| 26:08 | Build | University |
| 26:19 | Create | Villager (Male) |
| 26:19 | Create | Villager (Male) |
Build order — JoPo21
First 150 of 220 actions detected
| 0:00 | Create | Villager (Male) |
| 0:01 | Create | Villager (Male) |
| 0:01 | Create | Villager (Male) |
| 0:02 | Build | House |
| 0:04 | Build | House |
| 0:19 | Create | Villager (Male) |
| 1:27 | Create | Villager (Male) |
| 1:27 | Create | Villager (Male) |
| 2:10 | Create | Villager (Male) |
| 2:17 | Build | Lumber Camp |
| 2:23 | Create | Villager (Male) |
| 2:57 | Create | Villager (Male) |
| 2:58 | Create | Villager (Male) |
| 2:58 | Create | Villager (Male) |
| 3:19 | Build | House |
| 3:52 | Create | Villager (Male) |
| 3:53 | Create | Villager (Male) |
| 3:53 | Create | Villager (Male) |
| 4:35 | Create | Villager (Male) |
| 4:48 | Create | Villager (Male) |
| 5:03 | Build | Mill |
| 5:13 | Build | House |
| 6:15 | Create | Villager (Male) |
| 6:15 | Create | Villager (Male) |
| 6:18 | Build | Mill |
| 6:47 | Create | Villager (Male) |
| 7:31 | Create | Villager (Male) |
| 7:34 | Build | Mining Camp |
| 7:43 | Build | Palisade Gate |
| 7:54 | Create | Villager (Male) |
| 8:21 | Create | Villager (Male) |
| 8:33 | Build | Farm |
| 8:46 | Create | Villager (Male) |
| 8:51 | Build | Farm |
| 9:03 | Build | House |
| 9:18 | Research | Feudal Age |
| 10:37 | Build | House |
| 10:41 | Create | Villager (Male) |
| 10:45 | Research | Loom |
| 10:46 | Create | Villager (Male) |
| 10:46 | Create | Villager (Male) |
| 11:14 | Create | Villager (Male) |
| 11:20 | Build | Mining Camp |
| 11:45 | Create | Villager (Male) |
| 11:48 | Build | Farm |
| 11:49 | Build | Farm |
| 12:03 | Create | Villager (Male) |
| 12:21 | Build | Watch Tower |
| 12:26 | Create | Villager (Male) |
| 12:29 | Build | Blacksmith |
| 12:42 | Build | Watch Tower |
| 12:45 | Create | Villager (Male) |
| 12:51 | Build | House |
| 12:52 | Build | House |
| 13:01 | Create | Villager (Male) |
| 13:16 | Research | Fletching |
| 13:26 | Create | Villager (Male) |
| 13:31 | Build | Farm |
| 14:01 | Build | Farm |
| 14:11 | Create | Villager (Male) |
| 15:01 | Create | Villager (Male) |
| 15:10 | Create | Villager (Male) |
| 15:28 | Create | Villager (Male) |
| 15:33 | Build | Farm |
| 15:34 | Build | Farm |
| 15:35 | Build | Farm |
| 16:03 | Build | Watch Tower |
| 16:12 | Create | Villager (Male) |
| 16:17 | Build | Market |
| 16:19 | Build | House |
| 16:38 | Create | Villager (Male) |
| 16:46 | Build | Farm |
| 17:06 | Build | Mining Camp |
| 17:38 | Create | Villager (Male) |
| 17:38 | Create | Villager (Male) |
| 17:38 | Create | Villager (Male) |
| 17:39 | Create | Villager (Male) |
| 17:46 | Build | Farm |
| 17:54 | Research | Castle Age |
| 17:58 | Build | Farm |
| 18:31 | Create | Villager (Male) |
| 18:35 | Build | Farm |
| 19:14 | Create | Villager (Male) |
| 20:16 | Create | Villager (Male) |
| 20:19 | Research | Double-Bit Axe |
| 20:22 | Research | Horse Collar |
| 20:51 | Build | Siege Workshop |
| 20:54 | Create | Villager (Male) |
| 21:20 | Create | Villager (Male) |
| 21:29 | Create | Mangonel |
| 21:32 | Create | Villager (Male) |
| 21:59 | Build | Watch Tower |
| 22:12 | Create | Villager (Male) |
| 22:42 | Create | Villager (Male) |
| 22:46 | Build | Monastery |
| 22:50 | Build | Farm |
| 22:51 | Create | Villager (Male) |
| 23:18 | Create | Monk |
| 23:28 | Create | Mangonel |
| 24:03 | Create | Villager (Male) |
| 24:11 | Build | House |
| 24:11 | Build | House |
| 24:29 | Create | Villager (Male) |
| 24:32 | Build | Town Center |
| 24:41 | Create | Villager (Male) |
| 24:49 | Build | House |
| 24:50 | Build | House |
| 24:50 | Build | House |
| 25:25 | Create | Villager (Male) |
| 25:25 | Create | Villager (Male) |
| 25:27 | Create | Mangonel |
| 25:38 | Create | Villager (Male) |
| 25:47 | Build | House |
| 25:48 | Build | House |
| 25:55 | Create | Villager (Male) |
| 26:29 | Create | Villager (Male) |
| 27:03 | Create | Mangonel |
| 27:03 | Create | Villager (Male) |
| 27:05 | Create | Villager (Male) |
| 27:11 | Create | Villager (Male) |
| 27:13 | Create | Mangonel |
| 27:13 | Create | Mangonel |
| 27:14 | Create | Villager (Male) |
| 27:19 | Create | Villager (Male) |
| 27:38 | Build | Castle |
| 28:33 | Create | Battering Ram |
| 28:34 | Create | Battering Ram |
| 28:38 | Create | Battering Ram |
| 28:39 | Create | Battering Ram |
| 28:45 | Create | Villager (Male) |
| 28:45 | Create | Villager (Male) |
| 28:45 | Create | Villager (Male) |
| 28:55 | Create | Villager (Male) |
| 28:57 | Create | Monk |
| 28:57 | Create | Monk |
| 29:15 | Create | Battering Ram |
| 29:32 | Create | Villager (Male) |
| 29:54 | Build | Farm |
| 31:34 | Create | Villager (Male) |
| 31:35 | Create | Villager (Male) |
| 31:35 | Create | Villager (Male) |
| 32:29 | Create | Villager (Male) |
| 33:44 | Create | Villager (Male) |
| 34:33 | Build | Town Center |
| 34:52 | Build | Town Center |
| 35:34 | Research | Wheelbarrow |
| 35:34 | Research | Wheelbarrow |
| 36:27 | Create | Villager (Male) |
| 36:27 | Create | Villager (Male) |
| 36:28 | Create | Villager (Male) |
Build order — AOKI_Yo
First 150 of 445 actions detected
| 0:00 | Create | Villager (Male) |
| 0:00 | Create | Villager (Male) |
| 0:01 | Create | Villager (Male) |
| 0:02 | Build | House |
| 0:04 | Build | House |
| 0:08 | Create | Villager (Male) |
| 1:24 | Create | Villager (Male) |
| 1:47 | Build | Mule Cart |
| 1:53 | Create | Villager (Male) |
| 2:14 | Create | Villager (Male) |
| 2:48 | Create | Villager (Male) |
| 3:04 | Create | Villager (Male) |
| 3:04 | Create | Villager (Male) |
| 3:40 | Create | Villager (Male) |
| 3:49 | Build | House |
| 4:00 | Create | Villager (Male) |
| 4:00 | Create | Villager (Male) |
| 4:58 | Build | Mule Cart |
| 5:01 | Create | Villager (Male) |
| 5:01 | Create | Villager (Male) |
| 5:02 | Create | Villager (Male) |
| 5:29 | Create | Villager (Male) |
| 5:29 | Create | Villager (Male) |
| 5:45 | Create | Villager (Male) |
| 6:15 | Research | Loom |
| 6:36 | Build | Mill |
| 7:02 | Research | Feudal Age |
| 7:02 | Research | Feudal Age |
| 7:19 | Build | Mule Cart |
| 7:42 | Build | House |
| 8:28 | Build | House |
| 9:01 | Create | Villager (Male) |
| 9:19 | Build | Watch Tower |
| 9:24 | Research | Double-Bit Axe |
| 9:30 | Create | Villager (Male) |
| 9:49 | Create | Villager (Male) |
| 10:10 | Create | Villager (Male) |
| 10:37 | Research | Horse Collar |
| 10:39 | Create | Villager (Male) |
| 10:44 | Build | Blacksmith |
| 11:17 | Create | Villager (Male) |
| 11:32 | Research | Fletching |
| 11:40 | Build | Watch Tower |
| 11:43 | Create | Villager (Male) |
| 11:57 | Build | House |
| 12:10 | Create | Villager (Male) |
| 12:24 | Build | Watch Tower |
| 12:39 | Create | Villager (Male) |
| 12:41 | Build | Farm |
| 12:51 | Build | Watch Tower |
| 13:02 | Create | Villager (Male) |
| 13:05 | Build | Farm |
| 13:07 | Build | Farm |
| 13:33 | Create | Villager (Male) |
| 13:35 | Build | Farm |
| 13:39 | Build | House |
| 13:40 | Build | House |
| 13:44 | Build | Farm |
| 13:45 | Build | Farm |
| 13:54 | Create | Villager (Male) |
| 14:00 | Build | Farm |
| 14:01 | Build | Farm |
| 14:25 | Build | Palisade Wall |
| 14:26 | Build | Palisade Wall |
| 14:28 | Build | Palisade Wall |
| 14:29 | Build | Palisade Wall |
| 14:49 | Create | Villager (Male) |
| 14:55 | Create | Villager (Male) |
| 15:10 | Create | Villager (Male) |
| 15:13 | Build | Farm |
| 15:29 | Create | Villager (Male) |
| 15:33 | Build | Mule Cart |
| 15:40 | Build | Outpost |
| 15:47 | Build | Watch Tower |
| 15:53 | Create | Villager (Male) |
| 15:56 | Build | Farm |
| 15:57 | Build | Farm |
| 16:02 | Build | House |
| 16:05 | Build | House |
| 16:14 | Create | Villager (Male) |
| 16:39 | Create | Villager (Male) |
| 16:52 | Build | Market |
| 17:11 | Build | Palisade Wall |
| 17:25 | Build | Palisade Wall |
| 17:26 | Build | Palisade Wall |
| 17:28 | Build | Palisade Wall |
| 17:39 | Create | Villager (Male) |
| 17:47 | Create | Villager (Male) |
| 18:17 | Create | Villager (Male) |
| 18:30 | Create | Villager (Male) |
| 18:44 | Build | House |
| 19:01 | Research | Castle Age |
| 19:08 | Build | House |
| 19:37 | Research | Gold Mining |
| 20:01 | Build | Farm |
| 20:04 | Build | Farm |
| 20:23 | Build | House |
| 20:32 | Create | Villager (Male) |
| 20:35 | Research | Stone Mining |
| 20:56 | Build | Gate |
| 21:02 | Build | Gate |
| 21:11 | Build | Palisade Gate |
| 21:25 | Build | Outpost |
| 21:50 | Build | Monastery |
| 21:55 | Research | Bodkin Arrow |
| 22:03 | Build | House |
| 22:19 | Create | Villager (Male) |
| 22:28 | Create | Warrior Priest |
| 22:37 | Build | Town Center |
| 22:41 | Create | Villager (Male) |
| 22:46 | Create | Warrior Priest |
| 22:51 | Research | Scale Mail Armor |
| 22:52 | Create | Villager (Male) |
| 23:09 | Create | Warrior Priest |
| 23:21 | Build | Siege Workshop |
| 23:47 | Create | Villager (Male) |
| 24:04 | Create | Mangonel |
| 24:11 | Create | Warrior Priest |
| 24:12 | Create | Villager (Male) |
| 24:18 | Build | Barracks |
| 24:19 | Create | Villager (Male) |
| 24:20 | Create | Villager (Male) |
| 24:22 | Research | Chain Mail Armor |
| 24:44 | Build | House |
| 25:01 | Build | House |
| 25:04 | Build | House |
| 25:15 | Create | Mangonel |
| 25:19 | Create | Villager (Male) |
| 25:21 | Create | Villager (Male) |
| 25:21 | Create | Villager (Male) |
| 25:21 | Create | Villager (Male) |
| 25:33 | Research | Squires |
| 25:34 | Build | Farm |
| 25:35 | Build | Farm |
| 25:49 | Create | Villager (Male) |
| 25:50 | Create | Villager (Male) |
| 25:57 | Create | Warrior Priest |
| 26:03 | Build | House |
| 27:04 | Build | Castle |
| 27:10 | Create | Mangonel |
| 27:17 | Create | Villager (Male) |
| 27:19 | Create | Villager (Male) |
| 27:19 | Create | Villager (Male) |
| 27:20 | Create | Villager (Male) |
| 27:25 | Create | Warrior Priest |
| 27:25 | Create | Warrior Priest |
| 27:29 | Build | Farm |
| 27:30 | Build | Farm |
| 27:30 | Build | Farm |
| 27:31 | Build | Farm |
Build order — GOAT Gobz
First 150 of 426 actions detected
| 0:02 | Create | Villager (Male) |
| 0:02 | Create | Villager (Male) |
| 0:03 | Build | House |
| 0:06 | Build | House |
| 0:40 | Create | Villager (Male) |
| 0:41 | Create | Villager (Male) |
| 1:36 | Create | Villager (Male) |
| 1:36 | Create | Villager (Male) |
| 1:48 | Build | Lumber Camp |
| 2:05 | Create | Villager (Male) |
| 2:05 | Create | Villager (Male) |
| 2:54 | Create | Villager (Male) |
| 2:54 | Create | Villager (Male) |
| 3:28 | Build | House |
| 3:43 | Create | Villager (Male) |
| 3:43 | Create | Villager (Male) |
| 3:44 | Create | Villager (Male) |
| 4:06 | Create | Villager (Male) |
| 4:51 | Build | Mill |
| 4:59 | Create | Villager (Male) |
| 4:59 | Create | Villager (Male) |
| 5:58 | Create | Villager (Male) |
| 5:58 | Create | Villager (Male) |
| 6:02 | Build | House |
| 6:38 | Build | Mill |
| 6:47 | Create | Villager (Male) |
| 6:47 | Create | Villager (Male) |
| 7:39 | Create | Villager (Male) |
| 8:02 | Create | Villager (Male) |
| 8:10 | Build | Mining Camp |
| 8:24 | Create | Villager (Male) |
| 8:25 | Research | Feudal Age |
| 9:00 | Research | Loom |
| 9:08 | Build | House |
| 9:12 | Build | House |
| 9:17 | Build | House |
| 9:26 | Build | House |
| 9:36 | Build | House |
| 9:42 | Build | House |
| 9:47 | Build | House |
| 9:48 | Build | House |
| 10:36 | Build | Mining Camp |
| 11:11 | Build | Watch Tower |
| 11:30 | Build | Market |
| 11:34 | Build | Blacksmith |
| 11:36 | Create | Villager (Male) |
| 11:36 | Create | Villager (Male) |
| 11:59 | Build | House |
| 12:04 | Build | House |
| 12:27 | Create | Villager (Male) |
| 12:28 | Create | Villager (Male) |
| 12:43 | Build | Watch Tower |
| 12:55 | Research | Fletching |
| 13:21 | Create | Villager (Male) |
| 13:27 | Research | Double-Bit Axe |
| 13:30 | Research | Horse Collar |
| 13:46 | Create | Villager (Male) |
| 13:48 | Create | Villager (Male) |
| 14:08 | Build | Farm |
| 14:08 | Build | Farm |
| 14:34 | Build | Farm |
| 14:34 | Build | Farm |
| 14:38 | Build | Farm |
| 14:38 | Build | Farm |
| 14:38 | Create | Villager (Male) |
| 15:04 | Create | Villager (Male) |
| 15:14 | Build | Farm |
| 15:15 | Build | Farm |
| 15:18 | Create | Villager (Male) |
| 15:45 | Build | Farm |
| 15:46 | Build | Farm |
| 15:58 | Create | Villager (Male) |
| 16:01 | Build | Lumber Camp |
| 16:35 | Build | Farm |
| 16:39 | Research | Castle Age |
| 16:56 | Build | Farm |
| 16:57 | Build | Farm |
| 16:58 | Build | Farm |
| 18:53 | Build | Stone Wall |
| 19:22 | Create | Villager (Male) |
| 19:31 | Build | Town Center |
| 19:38 | Build | Town Center |
| 19:47 | Create | Villager (Male) |
| 20:01 | Build | Town Center |
| 20:15 | Create | Villager (Male) |
| 20:15 | Create | Villager (Male) |
| 20:25 | Research | Bow Saw |
| 20:30 | Build | Farm |
| 20:31 | Build | Farm |
| 20:58 | Build | Farm |
| 20:58 | Build | Farm |
| 21:01 | Create | Villager (Male) |
| 21:01 | Create | Villager (Male) |
| 21:01 | Create | Villager (Male) |
| 21:06 | Create | Villager (Male) |
| 21:06 | Create | Villager (Male) |
| 21:13 | Build | Farm |
| 21:13 | Build | Farm |
| 21:16 | Create | Villager (Male) |
| 21:18 | Create | Villager (Male) |
| 21:32 | Create | Villager (Male) |
| 21:50 | Create | Villager (Male) |
| 22:05 | Build | Farm |
| 22:05 | Build | Farm |
| 22:05 | Build | Farm |
| 22:05 | Build | Farm |
| 22:08 | Create | Villager (Male) |
| 22:08 | Create | Villager (Male) |
| 22:12 | Build | Farm |
| 22:13 | Build | Farm |
| 22:17 | Research | Heavy Plow |
| 22:19 | Create | Villager (Male) |
| 22:19 | Create | Villager (Male) |
| 22:19 | Create | Villager (Male) |
| 22:25 | Create | Villager (Male) |
| 22:25 | Create | Villager (Male) |
| 22:30 | Build | Blacksmith |
| 22:30 | Build | Blacksmith |
| 22:36 | Build | Farm |
| 22:37 | Build | Farm |
| 22:37 | Build | Farm |
| 22:37 | Build | Farm |
| 22:40 | Create | Villager (Male) |
| 22:40 | Create | Villager (Male) |
| 22:46 | Build | Farm |
| 22:47 | Build | Farm |
| 22:53 | Research | Wheelbarrow |
| 22:57 | Create | Villager (Male) |
| 23:12 | Create | Villager (Male) |
| 23:12 | Create | Villager (Male) |
| 23:12 | Create | Villager (Male) |
| 23:12 | Create | Villager (Male) |
| 23:14 | Create | Villager (Male) |
| 23:14 | Create | Villager (Male) |
| 23:26 | Build | Farm |
| 23:26 | Build | Farm |
| 23:26 | Build | Farm |
| 23:27 | Build | Farm |
| 23:27 | Build | Farm |
| 23:30 | Create | Villager (Male) |
| 23:49 | Build | Town Center |
| 23:55 | Build | Farm |
| 23:56 | Build | Farm |
| 23:56 | Build | Farm |
| 23:56 | Build | Farm |
| 23:59 | Create | Villager (Male) |
| 24:00 | Create | Villager (Male) |
| 24:07 | Build | Farm |
| 24:08 | Build | Farm |
| 24:08 | Build | Farm |
Match timeline
| 14:16 | AOKI_Thanouille · first_building Monastery |
| 14:25 | AOKI_Yo · wall_segment Palisade Wall x1 |
| 14:26 | AOKI_Yo · wall_segment Palisade Wall x1 |
| 14:28 | AOKI_Yo · wall_segment Palisade Wall x1 |
| 14:29 | AOKI_Yo · wall_segment Palisade Wall x1 |
| 15:26 | AOKI_WALLY · first_building Barracks |
| 15:31 | GOAT Gobz · first_market_buy 100 food |
| 15:33 | GOAT Gobz · first_market_sell 100 stone |
| 17:11 | AOKI_Yo · wall_segment Palisade Wall x1 |
| 17:14 | Im2Good4YoMoma · first_market_buy 100 stone |
| 17:25 | AOKI_Yo · wall_segment Palisade Wall x1 |
| 17:26 | AOKI_Yo · wall_segment Palisade Wall x1 |
| 17:28 | AOKI_Yo · wall_segment Palisade Wall x1 |
| 18:53 | GOAT Gobz · wall_segment Stone Wall x1 |
| 19:26 | Im2Good4YoMoma · first_market_sell 100 wood |
| 20:51 | AOKI_WALLY · first_building Monastery |
| 20:51 | JoPo21 · first_building Siege Workshop |
| 21:04 | AOKI_WALLY · first_building Castle |
| 21:50 | AOKI_Yo · first_building Monastery |
| 22:09 | Im2Good4YoMoma · first_building Siege Workshop |
| 22:11 | AOKI_Thanouille · first_market_buy 100 wood |
| 22:13 | Im2Good4YoMoma · first_building Barracks |
| 22:42 | AOKI_Thanouille · first_building Castle |
| 22:46 | JoPo21 · first_building Monastery |
| 23:21 | AOKI_Yo · first_building Siege Workshop |
| 23:42 | AOKI_WALLY · first_market_buy 100 wood |
| 24:01 | Im2Good4YoMoma · first_building Archery Range |
| 24:18 | AOKI_Yo · first_building Barracks |
| 25:19 | AOKI_Thanouille · first_building Barracks |
| 25:32 | AOKI_Yo · first_market_buy 100 food |
| 25:54 | AOKI_Thanouille · first_building Archery Range |
| 25:55 | Im2Good4YoMoma · first_building Stable |
| 25:57 | AOKI_Thanouille · first_building Stable |
| 26:05 | GOAT Gobz · first_building Monastery |
| 27:04 | AOKI_Yo · first_building Castle |
| 27:04 | AOKI_WALLY · first_building Siege Workshop |
| 27:11 | AOKI_WALLY · first_building Stable |
| 27:26 | JoPo21 · first_market_buy 100 stone |
| 27:28 | JoPo21 · first_market_sell 100 food |
| 27:35 | AOKI_Thanouille · first_market_sell 100 food |
| 27:38 | JoPo21 · first_building Castle |
| 28:06 | GOAT Gobz · first_building Barracks |
| 28:17 | Im2Good4YoMoma · first_building Castle |
| 29:03 | GOAT Gobz · first_building Stable |
| 30:35 | GOAT Gobz · first_building Siege Workshop |
| 32:00 | AOKI_WALLY · first_market_sell 100 wood |
| 35:23 | AOKI_WALLY · wall_segment Palisade Wall x1 |
| 35:27 | AOKI_WALLY · wall_segment Palisade Wall x1 |
| 35:31 | AOKI_WALLY · wall_segment Palisade Wall x1 |
| 35:34 | AOKI_WALLY · wall_segment Palisade Wall x1 |
| 37:20 | GOAT Gobz · first_building Castle |
| 37:37 | GOAT Gobz · first_building Archery Range |
| 39:50 | AOKI_Thanouille · tribute_sent a jugador 1 |
| 39:50 | AOKI_Thanouille · tribute_sent a jugador 2 |
| 39:50 | AOKI_Thanouille · tribute_sent a jugador 3 |
| 39:50 | AOKI_Thanouille · tribute_sent a jugador 4 |
| 39:50 | AOKI_Thanouille · tribute_sent a jugador 5 |
| 39:54 | JoPo21 · first_building Barracks |
| 40:03 | AOKI_Yo · first_market_sell 500 food |
| 41:34 | JoPo21 · first_building Archery Range |
| 42:18 | JoPo21 · resign |
[ AI ANALYSIS · 1 CREDIT ]
What really happened in this match?
Wolo.gg analyzes every decision: build order, eco, micro, common mistakes by bracket. Personalized analysis on WhatsApp or Discord in 30 seconds.
Civ guide
Mongols
Perfil
Jugador #673427